 Dungeon Crawl Stone Soup version 0.32-a0-837-g8d3e27d251 (webtiles) character file.

Game seed: 9505234785872065406

1 Essalna the Digger (level 1, -1/13 HPs)
             Began as a Demonspawn Earth Elementalist on Mar 26, 2024.
             Succumbed to a kobold's poison
             ... on level 1 of the Dungeon.
             The game lasted 00:00:07 (19 turns).

Essalna the Digger (Demonspawn Earth Elementalist)    Turns: 19, Time: 00:00:08

Health: -1/13      AC:  2    Str:  8    XL:     1   Next: 16%
Magic:  3/3        EV: 11    Int: 15    God:
Gold:   0          SH:  0    Dex: 13    Spells: 3/4 levels left

rFire   . . .        (no weapon)
rCold   . . .        (no shield)
rNeg    . . .        a - +0 robe
rPois   .            (no helmet)
rElec   .            (no cloak)
rCorr   .            (no gloves)
SInv    .            (no boots)
Will    .....        (no amulet)
Stlth   ++           (no ring)
HPRegen 0.22/turn    (no ring)
MPRegen 0.08/turn

%: no passive effects
@: lethally poisoned (-1 -> -12)
A: no striking features
a: no special abilities


You were on level 1 of the Dungeon.
You visited 1 branch of the dungeon, and saw 1 of its levels.

Inventory:

Armour
 a - a +0 robe (worn)


   Skills:
 + Level 0.1 Fighting
 - Level 1.7 Dodging
 - Level 1.7 Stealth
 + Level 2.0 Spellcasting
 + Level 1.0 Conjurations
 + Level 2.7 Earth Magic


You had 3 spell levels left.
You knew the following spells:

 Your Spells              Type           Power      Damage    Failure   Level
a - Sandblast             Erth           18%        2d7       8%          1

Your spell library contained the following spells:

 Spells                   Type           Power      Damage    Failure   Level
 Passwall                 Erth           9%         N/A       22%         3
 Stone Arrow              Conj/Erth      14%        3d7       30%         3
 Brom's Barrelling Bould  Conj/Erth      7%         2d3       71%         4
 Petrify                  Alch/Erth      5%         N/A       77%         4


Dungeon Overview and Level Annotations

Branches:
Dungeon (1/15)

Altars:


Message History

Welcome, Essalna the Demonspawn Earth Elementalist.
The heart of this dungeon contains the majestic artefact, the Orb of Zot.
Press ? for a list of commands and other information.
Found a staircase leading out of the dungeon.
Key pressed, stopping explore.
A kobold comes into view. It is wielding a +1 dagger of venom.
Found 4 stones.
The kobold shouts!
The kobold throws a stone.
The stone closely misses you.
You can't see any susceptible monsters within range! (Use Z to cast anyway.)
You can't see any susceptible monsters within range! (Use Z to cast anyway.)
You can't see any susceptible monsters within range! (Use Z to cast anyway.)
A rat comes into view.
You miscast Sandblast.
You are very lightly contaminated with residual magic.
Nothing appears to happen.
A bat comes into view.
The blast of sand hits the bat.
You kill the bat!
The blast of sand hits the kobold.
The kobold is moderately wounded.
The kobold hits you with a +1 dagger of venom.
You are out of magic!
You are out of magic!
You are out of magic!
You miss the kobold.
The kobold is moderately wounded.
The kobold hits you with a +1 dagger of venom.
You are poisoned.
You closely miss the kobold.
The kobold is moderately wounded.
You feel sick.
The kobold hits you with a +1 dagger of venom.
You are lethally poisoned!
* * * LOW HITPOINT WARNING * * *
You feel very sick.
Your magical contamination has completely faded away.
Magic courses through your body.
You die...

## .## ..####
.†!..#
########.....#
###.....@rK....#
#.......##....(#
.....♣♣.♣♣..#.....#
##. ♣♣.♣♣♣♣........
♣♣♣∩.∩♣♣♣♣.⌠.#...
♣♣∩.....∩♣♣...# ..
♣∩..♣♣♣..∩♣♣.## .
♣∩...<...∩♣ .#
♣∩..♣♣♣..∩♣


You could see a kobold and a rat.

Vanquished Creatures
  A bat (D:1)
1 creature vanquished.

Notes
Turn   | Place    | Note
-------+----------+-------------------------------------------
     0 | D:1      | Essalna the Demonspawn Earth Elementalist began the quest
                  | for the Orb.
     0 | D:1      | Reached XP level 1. HP: 13/13 MP: 3/3
    19 | D:1      | Succumbed to a kobold's poison

Illustrated notes

Levels and vault maps discovered:
D:1:      heliophobic_arrival_henge, layout_basic

Action                     || total
---------------------------++-------
  Melee: Unarmed           ||     2
   Cast: Sandblast         ||     2
    Use: Potion            ||     1
 Armour: Robe              ||     3
  Dodge: Dodged            ||     1

Table legend: (Time is in decaauts)
 A = Elapsed time spent in this place.
 B = Non-inter-level travel time spent in this place.
 C = Inter-level travel time spent in this place.
 D = Time resting spent in this place.
 E = Time spent auto-exploring this place.
 F = Levels seen in this place.
 G = Mean time per level.
                   A        B        C        D        E       F      G
               +--------+--------+--------+--------+--------+-----+--------+
         Total |     20 |     20 |      0 |      0 |     10 |   1 |   20.0 |
       Dungeon |     20 |     20 |      0 |      0 |     10 |   1 |   20.0 |
               +--------+--------+--------+--------+--------+-----+--------+

Top non-repeatable levels by time:
     D:1: 20 daAuts
